 Dungeon Crawl Stone Soup version 0.27.0-1-g7a089689b8 (webtiles) character file.

Game seed: 13451709451337566029

2228 Spaninq the Insei (level 9, -5/70 HPs)
             Began as a Demonspawn Transmuter on Aug 8, 2021.
             Was an Elder of Dithmenos.
             Slain by a boulder beetle (38 damage)
             ... on level 7 of the Dungeon.
             The game lasted 00:15:02 (5785 turns).

Spaninq the Insei (Demonspawn Transmuter)           Turns: 5785, Time: 00:15:02

Health: -5/70      AC:  9    Str: 11    XL:     9   Next: 14%
Magic:  16/16      EV: 14    Int: 17    God:    Dithmenos [****..]
Gold:   292        SH:  4    Dex: 14    Spells: 14/17 levels left

rFire    . . .     SeeInvis +     - Unarmed
rCold    . . .     Faith    .   (no shield)
rNeg     . . .     Spirit   .   a - +0 robe
rPois    .         Reflect  .   (no helmet)
rElec    .         Harm     .   b - +0 cloak
rCorr    .         Rampage  .   (no gloves)
Will     .....                  (no boots)
Stlth    ++........             g - amulet of regeneration
HPRegen  1.21/turn              r - ring of see invisible
MPRegen  0.15/turn              (no ring)

@: wreathed by umbra
A: claws 1, rugged brown scales 2, demonic guardian 1, icemail 1, condensation
shield
a: Renounce Religion, Shadow Step


You were on level 7 of the Dungeon.
You worshipped Dithmenos.
Dithmenos was greatly pleased with you.
You visited 1 branch of the dungeon, and saw 7 of its levels.

You collected 292 gold pieces.

Inventory:

Missiles
 l - a throwing net
Armour
 a - a +0 robe (worn)
 b - a +0 cloak (worn)
Magical Staves
 q - a staff of earth
Jewellery
 g - an amulet of regeneration (around neck)
 r - a ring of see invisible (left claw)
 v - a ring of ice
Scrolls
 m - a scroll of teleportation
 o - 2 scrolls of identify
 p - a scroll of enchant weapon
 u - a scroll of brand weapon
Potions
 c - a potion of mutation
 d - a potion of degeneration {unknown}
 e - a potion of attraction {unknown}
 f - a potion of heal wounds
 h - 2 potions of lignification {unknown}
 i - a potion of flight {unknown}
 j - 2 potions of haste
 k - 2 potions of resistance {unknown}
 n - a potion of curing {unknown}
 s - 2 potions of invisibility {unknown}
 t - a potion of brilliance {unknown}


   Skills:
 + Level 4.9 Fighting
 + Level 4.7 Dodging
 * Level 6.1 Unarmed Combat
 + Level 4.9 Spellcasting
 * Level 5.7 Transmutations


You had 14 spell levels left.
You knew the following spells:

 Your Spells              Type           Power      Damage    Failure   Level
a - Beastly Appendage     Tmut           46%        N/A       1%          1
b - Wereblood             Tmut           23%        N/A       1%          2

Your spell library contained the following spells:

 Spells                   Type           Power      Damage    Failure   Level
 Spider Form              Tmut/Pois      6%         N/A       13%         3
 Corona                   Hex            4%         N/A       14%         1
 Corpse Rot               Necr/Air       N/A        N/A       22%         2
 Ensorcelled Hibernation  Hex/Ice        8%         N/A       22%         2
 Poisonous Vapours        Pois/Air       8%         N/A       22%         2
 Tukima's Dance           Hex            4%         N/A       41%         3
 Ice Form                 Ice/Tmut       13%        N/A       41%         4
 Freezing Cloud           Conj/Ice/Air   2%         6-21      99%         5


Dungeon Overview and Level Annotations

Branches:
Dungeon (7/15)             Temple (0/1) D:5

Altars:
Dithmenos
Qazlal
Uskayaw
Zin

Shops:
D:1 :   D:2 *

Annotations:
D:6 4 runed translucent doors


Innate Abilities, Weirdness & Mutations

You have sharp fingernails.
You are mostly covered in rugged brown scales. (AC +2, +5% HP)
A weak demonic guardian rushes to your aid.
A meltable icy envelope protects you from harm. (AC +4)
A meltable shield of frost defends you. (SH +4)


Message History

The boulder beetle bites you!!
You scratch the boulder beetle.
The boulder beetle is moderately wounded.
The boulder beetle leaps!
The boulder beetle curls into a ball and begins rolling!
Your transformation is almost over.
Your primal bloodlust has ended.
You block the boulder beetle's attack.
The boulder beetle stops rolling and uncurls.
The boulder beetle curls into a ball and begins rolling!
Your horns disappear.
Your talons disappear.
You block the boulder beetle's attack.
The boulder beetle stops rolling and uncurls.
The boulder beetle curls into a ball and begins rolling!
The boulder beetle hits you but does no damage.
The boulder beetle stops rolling and uncurls.
The boulder beetle curls into a ball and begins rolling!
The boulder beetle closely misses you.
The boulder beetle stops rolling and uncurls.
The boulder beetle curls into a ball and begins rolling!
The boulder beetle hits you.
The boulder beetle stops rolling and uncurls.
The boulder beetle curls into a ball and begins rolling!
The boulder beetle hits you!!!
Ouch! That really hurt!
* * * LOW HITPOINT WARNING * * *
A demonic guardian appears!
You emit a cloud of dark smoke.
The boulder beetle stops rolling and uncurls.
You swap places.
The boulder beetle bites your white imp but does no damage.
Your white imp hits the boulder beetle but does no damage.
Something bites your white imp!
Your white imp dies!
The boulder beetle curls into a ball and begins rolling!
The boulder beetle barely misses you.
The boulder beetle stops rolling and uncurls.
The boulder beetle curls into a ball and begins rolling!
The boulder beetle hits you!!!
Ouch! That really hurt!
You die...

..#.###............####.#
...○...........(....(##.######
....○°B...○..#.......##..(...#
.#.####....#.#......°○..####.#
##. #.....#.#.....####.# #.#
>. #.....#.#.....# #.# #.# ##.
#...###.#.....# #.# #.#### #.
#...# #.###...# #.# #.....
#...# #°# #@### #°# #.##.#
#...# #○# #B# #B####.##.#
#...# #.###○# #§§.##.##.#
#....○### ###B#####.#
#####°..# #§# #.# #...# #.#
#.# #...######§# #.# #.
#...##...B.# #.#
+...#....°○....#####.#


You could see a boulder beetle (rolling).

Vanquished Creatures
  Grinder (D:5)
  A wraith (D:6)
  A steam dragon (D:6)
  Menkaure (D:6)
  An acid dragon (D:6)
  Duvessa (D:5)
  An ice beast (D:6)
  A black bear (D:6)
  2 necrophages (D:6)
  A centaur (D:6)
  2 bullfrogs (D:6)
  Dowan (D:5)
  A howler monkey (D:6)
  3 hounds
  4 jellies
  2 gnoll shamans
  2 orc priests
  An iguana (D:5)
  An orc wizard (D:4)
  A killer bee zombie (D:6)
  18 gnolls
  10 adders
  A white imp (D:7)
  A shadow imp (D:6)
  An adder skeleton (D:4)
  A worm (D:3)
  A dart slug (D:1)
  10 orcs
  4 endoplasms
  4 giant cockroaches
  5 goblins
  A hobgoblin (D:3)
  3 jackals (D:3)
  6 quokkas
  7 ball pythons
  5 bats
  2 frilled lizards
  A jackal skeleton (D:4)
  9 kobolds
  8 rats
127 creatures vanquished.

Vanquished Creatures (collateral kills)
  An ogre (D:6)
  A howler monkey zombie (D:6)
  A gnoll (D:3)
  An endoplasm (D:3)
  A bat (D:3)
5 creatures vanquished.

Vanquished Creatures (others)
  A plant (D:6)
1 creature vanquished.

Grand Total: 133 creatures vanquished

Notes
Turn   | Place    | Note
-------+----------+-------------------------------------------
     0 | D:1      | Spaninq the Demonspawn Transmuter began the quest for the
                  | Orb.
     0 | D:1      | Reached XP level 1. HP: 15/15 MP: 3/3
   401 | D:1      | Found a faded altar of an unknown god.
   414 | D:1      | Became a worshipper of Dithmenos the Shadowed
   414 | D:1      | Reached * piety under Dithmenos
   424 | D:1      | Gained mutation: A weak demonic guardian rushes to your
                  | aid. [demonic ancestry]
   424 | D:1      | Reached XP level 2. HP: 21/21 MP: 3/5
   829 | D:1      | Found Jojy's Book Shop.
   843 | D:1      | Gained mutation: You have sharp fingernails. [demonic
                  | ancestry]
   843 | D:1      | Reached XP level 3. HP: 22/26 MP: 4/6
   947 | D:2      | Reached skill level 3 in Unarmed Combat
  1178 | D:2      | Learned a level 2 spell: Wereblood
  1260 | D:2      | Found Deriwuin's Assorted Antiques.
  1947 | D:3      | Reached XP level 4. HP: 8/33 MP: 3/7
  1950 | D:3      | Reached ** piety under Dithmenos
  2427 | D:3      | Gained mutation: A meltable shield of frost defends you.
                  | (SH +4) [demonic ancestry]
  2427 | D:3      | Reached XP level 5. HP: 19/38 MP: 3/9
  3758 | D:4      | Reached XP level 6. HP: 46/46 MP: 8/10
  3831 | D:5      | Entered Level 5 of the Dungeon
  3855 | D:5      | Reached *** piety under Dithmenos
  4035 | D:5      | Found a staircase to the Ecumenical Temple.
  4038 | D:5      | Noticed Grinder
  4074 | D:5      | Killed Grinder
  4075 | D:5      | Reached skill level 4 in Unarmed Combat
  4075 | D:5      | Gained mutation: A meltable icy envelope protects you from
                  | harm. (AC +4) [demonic ancestry]
  4075 | D:5      | Reached XP level 7. HP: 30/52 MP: 9/12
  4325 | D:5      | Noticed Dowan
  4325 | D:5      | Noticed Duvessa
  4340 | D:5      | Killed Duvessa
  4345 | D:5      | Killed Dowan
  4604 | D:6      | Noticed a steam dragon
  4619 | D:6      | Killed a steam dragon
  4669 | D:6      | Found a large runed translucent door.
  4671 | D:6      | Found a large runed translucent door.
  4671 | D:6      | Noticed a wyvern
  4678 | D:6      | Found a large runed translucent door.
  4678 | D:6      | Found a large runed translucent door.
  4720 | D:6      | Noticed a wraith
  4722 | D:6      | Gained mutation: You are partially covered in rugged brown
                  | scales. (AC +1, +3% HP) [demonic ancestry]
  4722 | D:6      | Reached XP level 8. HP: 50/61 MP: 12/14
  4731 | D:6      | Reached skill level 5 in Unarmed Combat
  4836 | D:6      | Reached skill level 5 in Transmutations
  4935 | D:6      | Found a stormy altar of Qazlal.
  4937 | D:6      | Found a hide-covered altar of Uskayaw.
  4985 | D:6      | Noticed Menkaure
  4991 | D:6      | Killed Menkaure
  5171 | D:6      | Reached skill level 6 in Unarmed Combat
  5171 | D:6      | Gained mutation: You are mostly covered in rugged brown
                  | scales. (AC +2, +5% HP) [demonic ancestry]
  5171 | D:6      | Reached XP level 9. HP: 49/70 MP: 13/16
  5175 | D:6      | Reached **** piety under Dithmenos
  5685 | D:7      | Noticed a boulder beetle
  5785 | D:7      | Slain by a boulder beetle

Illustrated notes

Levels and vault maps discovered:
D:1:      dpeg_arrival_rooms_a, layout_rooms,
          shapermc_ecumenical_altar_totnotflames, serial_shops, shop_statue
D:2:      layout_basic, serial_shops, nicolae_square_shop
D:3:      layout_rooms
D:4:      layout_gridville, chequers_garden, hangedman_glass_teeth,
          minmay_misc_feat_pillars
D:5:      layout_loops_ring, minmay_temple_entry_statues_fountains,
          uniq_duvessa, uniq_grinder
D:6:      layout_basic, gammafunk_temple_overflow_forgotten, minivault_24,
          minmay_hollow_rounded_squares, uniq_menkaure
D:7:      layout_basic

Skill      XL: |  1  2  3  4  5  6  7  8 |
---------------+-------------------------+-----
Transmutations | 2 3 4 5 |  5.7
Dodging        | 2 3 4 |  4.7
Unarmed Combat | 3 4 6 |  6.1
Fighting       | 2 3 4 |  4.9
Spellcasting   | 3 4 |  4.9

Action                   |  1- 3 |  4- 6 |  7- 9 || total
-------------------------+-------+-------+-------++-------
Melee: Unarmed           |   100 |   145 |   209 ||   454
       Kick              |    21 |    35 |    53 ||   109
       Headbutt          |     7 |    19 |    27 ||    53
       Punch             |     2 |     1 |     2 ||     5
 Cast: Beastly Appendage |    23 |    22 |    22 ||    67
       Wereblood         |     2 |    11 |     6 ||    19
  Use: Scroll            |     5 |     6 |     2 ||    13
       Potion            |       |       |     1 ||     1
 Stab: Sleeping          |     3 |     1 |     2 ||     6
       Distracted        |       |       |     1 ||     1
Armor: Robe              |    19 |    11 |    46 ||    76
Dodge: Dodged            |    79 |    83 |   129 ||   291
Block: Other             |       |    27 |    29 ||    56
